Senateurs vs Red Wings
Created - November 26, 2018 at 19:11
Goals
|
| Senateurs |
0 |
1 |
3 |
4 |
| Red Wings |
1 |
1 |
0 |
2 |
|
Shots
|
| Senateurs |
12 |
8 |
6 |
26 |
| Red Wings |
7 |
15 |
6 |
28 |
|
1st period
1. Red Wings , Mike Richards 12 (Lubomir Visnovsky 3, Sean Bergenheim 9) at 14:09
Penalties :
Brooks Orpik (Ott) for Slashing (Minor) at 2:30, Chris Kelly (Det) for Roughing (Minor) at 7:39, Cody Franson (Ott) for Charging (Minor) at 14:44
2nd period
2. Senateurs , Brenden Morrow 8 (Daniel Briere 17, Marian Hossa 8) at 9:49
3. Red Wings , Chris Kelly 4 (Alex Picard 5, Ryan Whitney 4) at 16:54
Penalties :
No Penalty
3rd period
4. Senateurs , Cody Hodgson 5 (Sergei Kostitsyn 6) at 8:20
5. Senateurs , Daniel Briere 8 (Brenden Morrow 8) at 8:43
6. Senateurs , Marian Hossa 4 (Daniel Briere 18, Evgeni Malkin 15) at 11:57
Penalties :
Cody Franson (Ott) for Holding (Minor) at 4:42, Radim Vrbata (Ott) for Holding (Minor) at 13:50
Goalie Stats
Jeff Deslauriers (Ott), 26 saves from 28 shots - (0.929), W, 2-1-0, 60:00 minutes
John Gibson (Det), 22 saves from 26 shots - (0.846), L, 6-4-0, 60:00 minutes
Players Stats for Senateurs
Player Name G A P +/- PIM S H SB GA TA FO MP PP MP PK MP
------------------------------------------------------------------------------------
Brandon Dubinsky 0 0 0 -1 0 1 2 0 0 0 2/2 10:06 0:00 1:58
Brenden Morrow 1 1 2 3 0 1 1 2 1 0 1/1 16:02 0:52 1:46
Brooks Orpik 0 0 0 0 2 1 4 1 0 0 0/0 14:10 0:00 1:52
Carlo Colaiacovo 0 0 0 1 0 1 1 0 0 0 0/0 20:00 0:43 3:41
Chris Kunitz 0 0 0 -1 0 0 0 0 0 0 0/0 7:42 0:00 0:00
Cody Franson 0 0 0 1 4 2 3 0 0 2 0/0 19:14 0:43 1:49
Cody Hodgson 1 0 1 1 0 1 1 0 2 1 0/7 11:36 0:00 0:00
Colby Armstrong 0 0 0 -1 0 1 1 0 0 0 0/2 18:01 0:52 0:00
Dan Hamhuis 0 0 0 1 0 2 2 2 0 0 0/0 26:36 1:16 3:56
Daniel Briere 1 2 3 3 0 2 1 3 0 0 3/9 17:28 0:52 2:42
Evgeni Malkin 0 1 1 -1 0 3 1 1 1 0 17/26 21:44 1:07 3:35
Karl Alzner 0 0 0 1 0 1 2 3 0 0 0/0 26:36 1:16 3:56
Marc-André Bernier 0 0 0 -1 0 0 0 0 0 0 0/0 7:22 0:00 0:00
Marian Hossa 1 1 2 3 0 2 1 0 0 0 0/1 17:33 1:07 2:35
Radim Vrbata 0 0 0 1 2 0 3 0 1 0 0/0 11:36 0:00 0:00
Sergei Kostitsyn 0 1 1 1 0 0 0 1 2 1 0/0 11:06 0:00 0:00
Thomas Vanek 0 0 0 -1 0 7 1 0 0 1 0/2 21:44 1:07 3:35
Vladimir Mihalik 0 0 0 0 0 1 4 1 0 1 0/0 13:24 0:00 0:19
Players Stats for Red Wings
Player Name G A P +/- PIM S H SB GA TA FO MP PP MP PK MP
------------------------------------------------------------------------------------
Adam Henrique 0 0 0 -2 0 1 1 0 0 0 0/1 18:49 4:00 0:00
Ales Hemsky 0 0 0 1 0 1 1 0 0 1 0/0 10:37 1:03 0:00
Alex Picard 0 1 1 1 0 2 0 0 0 0 0/0 10:35 0:54 0:00
Brent Seabrook 0 0 0 -3 0 2 1 2 1 1 0/0 22:00 4:48 0:00
Carson Mcmillan 0 0 0 -1 0 0 3 0 1 0 0/0 11:17 0:54 0:59
Chris Kelly 1 0 1 1 2 1 1 0 1 0 5/7 11:06 0:20 0:00
Jiri Fischer 0 0 0 -3 0 1 0 0 1 0 0/0 19:24 0:43 0:52
Lubomir Visnovsky 0 1 1 1 0 1 1 1 1 1 0/0 16:34 0:00 1:07
Mike Richards 1 0 1 0 0 3 1 2 0 1 5/16 19:07 2:51 0:00
Nate Thompson 0 0 0 -1 0 1 0 0 0 0 1/4 8:50 0:00 0:00
Oleg Saprykin 0 0 0 -1 0 2 1 1 0 1 1/1 11:07 0:00 1:00
Ole-Kristian Tollefsen 0 0 0 0 0 0 1 1 0 0 0/0 21:26 3:08 0:52
Phil Kessel 0 0 0 -2 0 4 0 1 0 0 1/1 18:12 4:02 0:00
Philip Samuelsson 0 0 0 0 0 1 1 2 0 0 0/0 22:39 4:05 1:07
Ryan Whitney 0 1 1 1 0 2 4 0 0 0 0/0 17:57 3:08 0:00
Sean Bergenheim 0 1 1 0 0 4 2 1 1 0 3/3 20:06 2:51 1:00
Tyler Johnson 0 0 0 -2 0 2 2 0 0 1 11/17 19:07 4:02 0:59
Tyler Toffoli 0 0 0 0 0 0 0 0 0 1 0/0 19:07 2:51 0:00
3 Stars
1 - Daniel Briere (Ott)
2 - Brenden Morrow (Ott)
3 - Marian Hossa (Ott)
Power Play
Senateurs - 0 on 1 Attempt(s) - 0.00%
Red Wings - 0 on 4 Attempt(s) - 0.00%
Penalty Kill
Senateurs - 4 on 4 Attempt(s) - 100.00%
- Score 0 goal in Penalty Kill
Red Wings - 1 on 1 Attempt(s) - 100.00%
- Score 0 goal in Penalty Kill
Team Stat
Senateurs - Hits : 28 - Faceoff Wins : 23 - Blocked Shots : 14 - Penalty Minutes : 8
Red Wings - Hits : 20 - Faceoff Wins : 27 - Blocked Shots : 11 - Penalty Minutes : 2
Official
Referees : Unknown
Linesman : Unknown
Game Notes
No Game Note
Finance
Level 1 -- Attendance: 6000 (100.00%) -- Ticket Income $522,000
Level 2 -- Attendance: 4757 (95.14%) -- Ticket Income $266,392
Level 3 -- Attendance: 1719 (85.95%) -- Ticket Income $65,322
Level 4 -- Attendance: 3391 (84.78%) -- Ticket Income $94,948
Luxury Box -- Attendance: 963 (96.30%) -- Ticket Income $158,895
Game was played at the Joe Louis Arena.
Total Attendance: 16830 (93.50%)
Total Ticket Income: $1,107,557
Other Income: $166,134
Total Income: $1,273,691
Senateurs
5 vs 5 Forward
Center Left Wing Right Wing Time % Phy DF OF
1 Evgeni Malkin Thomas Vanek Colby Armstrong 40 1 2 2
2 Daniel Briere Brenden Morrow Marian Hossa 30 1 2 2
3 Cody Hodgson Sergei Kostitsyn Radim Vrbata 20 1 2 2
4 Brandon Dubinsky Chris Kunitz Marc-André Bernier 10 1 2 2
5 vs 5 Defense
Defense Defense Time % Phy DF OF
1 Dan Hamhuis Karl Alzner 40 1 2 2
2 Cody Franson Carlo Colaiacovo 30 1 2 2
3 Vladimir Mihalik Brooks Orpik 20 1 2 2
4 Dan Hamhuis Karl Alzner 10 1 2 2
PowerPlay Forward
Center Left Wing Right Wing Time % Phy DF OF
1 Evgeni Malkin Thomas Vanek Marian Hossa 60 1 2 2
2 Daniel Briere Brenden Morrow Colby Armstrong 40 1 2 2
PowerPlay Defense
Defense Defense Time % Phy DF OF
1 Dan Hamhuis Karl Alzner 60 1 2 2
2 Cody Franson Carlo Colaiacovo 40 1 2 2
Penalty Kill 4 Players Forward
Center Wing Time % Phy DF OF
1 Evgeni Malkin Thomas Vanek 60 1 2 2
2 Daniel Briere Marian Hossa 40 1 2 2
Penalty Kill 4 Players Defense
Defense Defense Time % Phy DF OF
1 Dan Hamhuis Karl Alzner 60 1 2 2
2 Cody Franson Carlo Colaiacovo 40 1 2 2
Penalty Kill - 3 Players Forward
Forward Time % Phy DF OF
1 Evgeni Malkin 60 1 2 2
2 Thomas Vanek 40 1 2 2
Penalty Kill - 3 Players Defense
Defense Defense Time % Phy DF OF
1 Dan Hamhuis Karl Alzner 60 1 2 2
2 Cody Franson Carlo Colaiacovo 40 1 2 2
4 vs 4 Forward
Center Wing Time % Phy DF OF
1 Evgeni Malkin Thomas Vanek 60 1 2 2
2 Daniel Briere Marian Hossa 40 1 2 2
4 vs 4 Defense
Defense Defense Time % Phy DF OF
1 Dan Hamhuis Karl Alzner 60 1 2 2
2 Cody Franson Carlo Colaiacovo 40 1 2 2
Last Minutes Offensive
Center Left Wing Right Wing Defense Defense
Evgeni Malkin Thomas Vanek Marian Hossa Dan Hamhuis Karl Alzner
Last Minutes Defensive
Center Left Wing Right Wing Defense Defense
Evgeni Malkin Thomas Vanek Marian Hossa Dan Hamhuis Karl Alzner
Goaltenders
Starting : Jeff Deslauriers
Backup : Ondrej Pavelec
Extra Forwards
Normal : Cody Hodgson, Radim Vrbata, Brandon Dubinsky - PP : Cody Hodgson, Radim Vrbata - PK : Brandon Dubinsky
Extra Defensemen
Normal : Vladimir Mihalik, Brooks Orpik, Cody Franson - PP : Vladimir Mihalik - PK : Brooks Orpik, Cody Franson
Penalty Shots
Evgeni Malkin, Thomas Vanek, Daniel Briere, Marian Hossa, Brenden Morrow
Scratches
None
Red Wings
5 vs 5 Forward
Center Left Wing Right Wing Time % Phy DF OF
1 Tyler Johnson Adam Henrique Phil Kessel 36 0 2 3
2 Mike Richards Sean Bergenheim Tyler Toffoli 36 0 2 3
3 Chris Kelly Alex Picard Ales Hemsky 20 0 3 2
4 Nate Thompson Oleg Saprykin Carson Mcmillan 8 1 2 2
5 vs 5 Defense
Defense Defense Time % Phy DF OF
1 Brent Seabrook Jiri Fischer 35 0 3 2
2 Ole-Kristian Tollefsen Philip Samuelsson 35 0 3 2
3 Lubomir Visnovsky Ryan Whitney 20 0 3 2
4 Lubomir Visnovsky Ryan Whitney 10 0 3 2
PowerPlay Forward
Center Left Wing Right Wing Time % Phy DF OF
1 Tyler Johnson Adam Henrique Phil Kessel 60 0 1 4
2 Mike Richards Sean Bergenheim Tyler Toffoli 40 0 1 4
PowerPlay Defense
Defense Defense Time % Phy DF OF
1 Philip Samuelsson Brent Seabrook 60 0 2 3
2 Ole-Kristian Tollefsen Ryan Whitney 40 0 2 3
Penalty Kill 4 Players Forward
Center Wing Time % Phy DF OF
1 Oleg Saprykin Sean Bergenheim 50 1 2 2
2 Tyler Johnson Carson Mcmillan 50 1 2 2
Penalty Kill 4 Players Defense
Defense Defense Time % Phy DF OF
1 Lubomir Visnovsky Philip Samuelsson 50 1 2 2
2 Jiri Fischer Ole-Kristian Tollefsen 50 1 2 2
Penalty Kill - 3 Players Forward
Forward Time % Phy DF OF
1 Oleg Saprykin 60 1 2 2
2 Carson Mcmillan 40 1 2 2
Penalty Kill - 3 Players Defense
Defense Defense Time % Phy DF OF
1 Lubomir Visnovsky Philip Samuelsson 50 1 2 2
2 Jiri Fischer Ole-Kristian Tollefsen 50 1 2 2
4 vs 4 Forward
Center Wing Time % Phy DF OF
1 Mike Richards Adam Henrique 60 1 2 2
2 Tyler Johnson Phil Kessel 40 1 2 2
4 vs 4 Defense
Defense Defense Time % Phy DF OF
1 Brent Seabrook Jiri Fischer 60 1 2 2
2 Ole-Kristian Tollefsen Philip Samuelsson 40 1 2 2
Last Minutes Offensive
Center Left Wing Right Wing Defense Defense
Tyler Johnson Adam Henrique Phil Kessel Brent Seabrook Ole-Kristian Tollefsen
Last Minutes Defensive
Center Left Wing Right Wing Defense Defense
Tyler Johnson Oleg Saprykin Carson Mcmillan Jiri Fischer Lubomir Visnovsky
Goaltenders
Starting : John Gibson
Backup : James Reimer
Extra Forwards
Normal : Adam Henrique, Sean Bergenheim, Chris Kelly - PP : Chris Kelly, Ales Hemsky - PK : Chris Kelly
Extra Defensemen
Normal : Brent Seabrook, Philip Samuelsson, Lubomir Visnovsky - PP : Jiri Fischer - PK : Brent Seabrook, Ole-Kristian Tollefsen
Penalty Shots
Phil Kessel, Mike Richards, Carson Mcmillan, Alex Picard, Sean Bergenheim
Scratches
Brendan Bell (Healthy), Michael Haley (Healthy)
% Time on Ice - Senateurs
Lines # - Real PCT - Wanted PCT - Time Play
Normal Forward
1 - 34% - 40% - 17:08
2 - 29% - 30% - 14:29
3 - 22% - 20% - 11:06
4 - 15% - 10% - 7:22
Normal Defense
1 - 38% - 40% - 18:54
2 - 33% - 30% - 16:44
3 - 24% - 20% - 11:57
4 - 5% - 10% - 2:30
PP Forward
1 - 56% - 60% - 1:07
2 - 44% - 40% - 0:52
PP Defense
1 - 64% - 60% - 1:16
2 - 36% - 40% - 0:43
PK Forward
1 - 67% - 60% - 5:21
2 - 33% - 40% - 2:35
PK Defense
1 - 43% - 60% - 3:26
2 - 57% - 40% - 4:30
PK3 Forward
1 - 0% - 60%
2 - 0% - 40%
PK3 Defense
1 - 0% - 60%
2 - 0% - 40%
44 Forward
1 - 0% - 60%
2 - 0% - 40%
44 Defense
1 - 0% - 60%
2 - 0% - 40%
Last Minute Offensive - 0:00
Last Minute Defensive - 0:00
Total
Forward - 60:00
Defense - 60:00
|
% Time on Ice - Red Wings
Lines # - Real PCT - Wanted PCT - Time Play
Normal Forward
1 - 31% - 36% - 15:18
2 - 34% - 36% - 17:16
3 - 17% - 20% - 8:41
4 - 18% - 8% - 8:50
Normal Defense
1 - 36% - 35% - 18:12
2 - 35% - 35% - 17:26
3 - 20% - 20% - 9:58
4 - 9% - 10% - 4:29
PP Forward
1 - 53% - 60% - 4:11
2 - 47% - 40% - 3:45
PP Defense
1 - 61% - 60% - 4:48
2 - 39% - 40% - 3:08
PK Forward
1 - 50% - 50% - 1:00
2 - 50% - 50% - 0:59
PK Defense
1 - 56% - 50% - 1:07
2 - 44% - 50% - 0:52
PK3 Forward
1 - 0% - 60%
2 - 0% - 40%
PK3 Defense
1 - 0% - 50%
2 - 0% - 50%
44 Forward
1 - 0% - 60%
2 - 0% - 40%
44 Defense
1 - 0% - 60%
2 - 0% - 40%
Last Minute Offensive - 0:00
Last Minute Defensive - 0:00
Total
Forward - 60:00
Defense - 60:00
|
Play by Play
1st period
0:01 of 1st period - Evgeni Malkin wins face-off versus Tyler Johnson in neutral zone.
1:01 of 1st period - Slapshot by Karl Alzner.
1:01 of 1st period - Stopped by John Gibson without a rebound.
1:02 of 1st period - Brandon Dubinsky wins face-off versus Nate Thompson in Red Wings zone.
1:13 of 1st period - Snap shot by Brandon Dubinsky.
1:13 of 1st period - Stopped by John Gibson with a rebound.
1:54 of 1st period - Snap shot by Radim Vrbata.
1:54 of 1st period - Shot Blocked by Mike Richards.
2:28 of 1st period - Wrist shot by Oleg Saprykin.
2:28 of 1st period - Stopped by Jeff Deslauriers with a rebound.
2:30 of 1st period - Minor Penalty to Brooks Orpik for Slashing.
2:31 of 1st period - Tyler Johnson wins face-off versus Evgeni Malkin in Senateurs zone.
2:49 of 1st period - Carlo Colaiacovo is hit by Philip Samuelsson and loses puck.
3:06 of 1st period - Marian Hossa is hit by Mike Richards and loses puck.
3:21 of 1st period - Evgeni Malkin is hit by Brent Seabrook and loses puck.
4:30 of 1st period - Penalty to Brooks Orpik is over, Brooks Orpik is back on ice.
4:39 of 1st period - Dan Hamhuis is hit by Lubomir Visnovsky and loses puck.
4:50 of 1st period - Wrist shot by Nate Thompson.
4:50 of 1st period - Deflect By Karl Alzner.
4:50 of 1st period - Stopped by Jeff Deslauriers without a rebound.
4:51 of 1st period - Chris Kelly wins face-off versus Cody Hodgson in Senateurs zone.
5:06 of 1st period - Cody Franson is hit by Ryan Whitney and loses puck.
5:13 of 1st period - Chris Kelly is hit by Brooks Orpik and loses puck.
5:26 of 1st period - Snap shot by Thomas Vanek.
5:26 of 1st period - Stopped by John Gibson with a rebound.
5:28 of 1st period - Slapshot by Thomas Vanek.
5:28 of 1st period - Stopped by John Gibson with a rebound.
5:30 of 1st period - Slapshot by Brooks Orpik.
5:30 of 1st period - Shot Blocked by Lubomir Visnovsky.
6:15 of 1st period - Off-side.
6:16 of 1st period - Evgeni Malkin wins face-off versus Nate Thompson in neutral zone.
7:05 of 1st period - Brent Seabrook is hit by Radim Vrbata.
7:37 of 1st period - Snap shot by Thomas Vanek.
7:37 of 1st period - Stopped by John Gibson with a rebound.
7:39 of 1st period - Minor Penalty to Chris Kelly for Roughing.
7:40 of 1st period - Oleg Saprykin wins face-off versus Evgeni Malkin in Red Wings zone.
8:12 of 1st period - Snap shot by Tyler Johnson.
8:12 of 1st period - Shot Blocked by Dan Hamhuis.
8:14 of 1st period - Wrist shot by Carson Mcmillan.
8:14 of 1st period - Shot Blocked by Brenden Morrow.
8:28 of 1st period - Sean Bergenheim is hit by Thomas Vanek and loses puck.
9:08 of 1st period - Icing by Brenden Morrow.
9:09 of 1st period - Sean Bergenheim wins face-off versus Daniel Briere in Senateurs zone.
9:22 of 1st period - Dan Hamhuis is hit by Carson Mcmillan and loses puck.
9:39 of 1st period - Penalty to Chris Kelly is over, Chris Kelly is back on ice.
9:53 of 1st period - Slapshot by Dan Hamhuis.
9:53 of 1st period - Shot Blocked by Sean Bergenheim.
11:13 of 1st period - Snap shot by Radim Vrbata.
11:13 of 1st period - Shot Blocked by Mike Richards.
11:29 of 1st period - Snap shot by Marian Hossa.
11:29 of 1st period - Stopped by John Gibson without a rebound.
11:30 of 1st period - Brenden Morrow wins face-off versus Chris Kelly in Red Wings zone.
11:31 of 1st period - Wrist shot by Daniel Briere.
11:31 of 1st period - Stopped by John Gibson with a rebound.
11:33 of 1st period - Wrist shot by Daniel Briere.
11:33 of 1st period - Shot Blocked by Philip Samuelsson.
11:35 of 1st period - Snap shot by Daniel Briere.
11:35 of 1st period - Shot Misses the Net.
11:37 of 1st period - Snap shot by Vladimir Mihalik.
11:37 of 1st period - Stopped by John Gibson with a rebound.
11:39 of 1st period - Snap shot by Daniel Briere.
11:39 of 1st period - Shot Misses the Net.
11:43 of 1st period - Snap shot by Marian Hossa.
11:43 of 1st period - Shot Misses the Net.
12:01 of 1st period - Wrist shot by Evgeni Malkin.
12:01 of 1st period - Stopped by John Gibson with a rebound.
12:03 of 1st period - Slapshot by Dan Hamhuis.
12:03 of 1st period - Stopped by John Gibson with a rebound.
12:19 of 1st period - Oleg Saprykin is hit by Brandon Dubinsky and loses puck.
12:42 of 1st period - Carson Mcmillan is hit by Vladimir Mihalik and loses puck.
12:53 of 1st period - Icing by Carson Mcmillan.
12:54 of 1st period - Nate Thompson wins face-off versus Colby Armstrong in Red Wings zone.
13:10 of 1st period - Ole-Kristian Tollefsen is hit by Evgeni Malkin and loses puck.
13:54 of 1st period - Off-side.
13:55 of 1st period - Brandon Dubinsky wins face-off versus Mike Richards in neutral zone.
14:00 of 1st period - Mike Richards is hit by Dan Hamhuis and loses puck.
14:07 of 1st period - Snap shot by Sean Bergenheim.
14:07 of 1st period - Shot Misses the Net.
14:09 of 1st period - Slapshot by Lubomir Visnovsky.
14:09 of 1st period - Deflect By Mike Richards.
14:09 of 1st period - Goal by Mike Richards - Senateurs : 0 - Red Wings : 1.
14:10 of 1st period - Evgeni Malkin wins face-off versus Tyler Johnson in neutral zone.
14:25 of 1st period - Wrist shot by Colby Armstrong.
14:25 of 1st period - Shot Misses the Net.
14:44 of 1st period - Minor Penalty to Cody Franson for Charging.
14:45 of 1st period - Evgeni Malkin wins face-off versus Mike Richards in Senateurs zone.
15:11 of 1st period - Karl Alzner is hit by Tyler Johnson and loses puck.
16:44 of 1st period - Penalty to Cody Franson is over, Cody Franson is back on ice.
17:04 of 1st period - Ryan Whitney is hit by Cody Franson and loses puck.
17:33 of 1st period - Ryan Whitney is hit by Daniel Briere and loses puck.
18:05 of 1st period - Nate Thompson is hit by Brooks Orpik and loses puck.
18:16 of 1st period - Cody Franson is hit by Sean Bergenheim and loses puck.
18:21 of 1st period - Wrist shot by Mike Richards.
18:21 of 1st period - Stopped by Jeff Deslauriers without a rebound.
18:22 of 1st period - Mike Richards wins face-off versus Daniel Briere in Senateurs zone.
18:35 of 1st period - Snap shot by Mike Richards.
18:35 of 1st period - Stopped by Jeff Deslauriers with a rebound.
18:54 of 1st period - Snap shot by Evgeni Malkin.
18:54 of 1st period - Stopped by John Gibson with a rebound.
18:56 of 1st period - Wrist shot by Brooks Orpik.
18:56 of 1st period - Stopped by John Gibson without a rebound.
18:57 of 1st period - Daniel Briere wins face-off versus Tyler Johnson in Red Wings zone.
19:12 of 1st period - Snap shot by Phil Kessel.
19:12 of 1st period - Stopped by Jeff Deslauriers without a rebound.
19:13 of 1st period - Evgeni Malkin wins face-off versus Mike Richards in Senateurs zone.
19:24 of 1st period - Snap shot by Tyler Toffoli.
19:24 of 1st period - Shot Misses the Net.
19:26 of 1st period - Slapshot by Ryan Whitney.
19:26 of 1st period - Shot Blocked by Karl Alzner.
19:28 of 1st period - Snap shot by Sean Bergenheim.
19:28 of 1st period - Stopped by Jeff Deslauriers without a rebound.
19:29 of 1st period - Tyler Johnson wins face-off versus Daniel Briere in Senateurs zone.
19:42 of 1st period - Wrist shot by Phil Kessel.
19:42 of 1st period - Shot Blocked by Karl Alzner.
19:44 of 1st period - Snap shot by Phil Kessel.
19:44 of 1st period - Shot Blocked by Brenden Morrow.
19:46 of 1st period - Snap shot by Phil Kessel.
19:46 of 1st period - Shot Blocked by Daniel Briere.
19:56 of 1st period - Karl Alzner is hit by Sean Bergenheim and loses puck.
Goals for this period are 0 for Senateurs vs 1 for Red Wings.
Shots for this period are 12 for Senateurs vs 7 for Red Wings.
2nd period
0:01 of 2nd period - Tyler Johnson wins face-off versus Evgeni Malkin in neutral zone.
0:54 of 2nd period - Snap shot by Ales Hemsky.
0:54 of 2nd period - Shot Blocked by Karl Alzner.
0:56 of 2nd period - Slapshot by Ryan Whitney.
0:56 of 2nd period - Deflect By Alex Picard.
0:56 of 2nd period - Shot Misses the Net.
0:56 of 2nd period - Puck is out of play.
0:57 of 2nd period - Evgeni Malkin wins face-off versus Tyler Johnson in Senateurs zone.
1:13 of 2nd period - Wrist shot by Evgeni Malkin.
1:13 of 2nd period - Shot Blocked by Phil Kessel.
1:41 of 2nd period - Backhand shot by Tyler Johnson.
1:41 of 2nd period - Stopped by Jeff Deslauriers with a rebound.
1:43 of 2nd period - Slapshot by Brent Seabrook.
1:43 of 2nd period - Shot Misses the Net.
1:45 of 2nd period - Wrist shot by Adam Henrique.
1:45 of 2nd period - Stopped by Jeff Deslauriers with a rebound.
1:47 of 2nd period - Slapshot by Brent Seabrook.
1:47 of 2nd period - Shot Blocked by Vladimir Mihalik.
1:49 of 2nd period - Wrist shot by Phil Kessel.
1:49 of 2nd period - Shot Blocked by Sergei Kostitsyn.
1:51 of 2nd period - Wrist shot by Phil Kessel.
1:51 of 2nd period - Stopped by Jeff Deslauriers with a rebound.
1:59 of 2nd period - Slapshot by Phil Kessel.
1:59 of 2nd period - Stopped by Jeff Deslauriers without a rebound.
2:00 of 2nd period - Sean Bergenheim wins face-off versus Thomas Vanek in Senateurs zone.
2:26 of 2nd period - Karl Alzner is hit by Ales Hemsky and loses puck.
3:15 of 2nd period - Philip Samuelsson is hit by Brooks Orpik and loses puck.
3:39 of 2nd period - Alex Picard is hit by Radim Vrbata.
3:52 of 2nd period - Slapshot by Dan Hamhuis.
3:52 of 2nd period - Deflect By Tyler Johnson.
3:52 of 2nd period - Stopped by John Gibson without a rebound.
3:53 of 2nd period - Tyler Johnson wins face-off versus Colby Armstrong in Red Wings zone.
4:08 of 2nd period - Slapshot by Phil Kessel.
4:08 of 2nd period - Shot Misses the Net.
4:22 of 2nd period - Slapshot by Jiri Fischer.
4:22 of 2nd period - Stopped by Jeff Deslauriers without a rebound.
4:23 of 2nd period - Mike Richards wins face-off versus Daniel Briere in Senateurs zone.
4:30 of 2nd period - Snap shot by Sean Bergenheim.
4:30 of 2nd period - Shot Misses the Net.
4:32 of 2nd period - Slapshot by Ryan Whitney.
4:32 of 2nd period - Stopped by Jeff Deslauriers with a rebound.
4:34 of 2nd period - Slapshot by Lubomir Visnovsky.
4:34 of 2nd period - Deflect By Daniel Briere.
4:34 of 2nd period - Stopped by Jeff Deslauriers without a rebound.
4:35 of 2nd period - Mike Richards wins face-off versus Evgeni Malkin in Senateurs zone.
5:25 of 2nd period - Cody Hodgson is hit by Ryan Whitney and loses puck.
5:36 of 2nd period - Ryan Whitney is hit by Cody Franson and loses puck.
5:57 of 2nd period - Snap shot by Mike Richards.
5:57 of 2nd period - Shot Misses the Net.
5:59 of 2nd period - Snap shot by Sean Bergenheim.
5:59 of 2nd period - Stopped by Jeff Deslauriers with a rebound.
6:01 of 2nd period - Slapshot by Lubomir Visnovsky.
6:01 of 2nd period - Deflect By Sean Bergenheim.
6:01 of 2nd period - Stopped by Jeff Deslauriers with a rebound.
6:40 of 2nd period - Tyler Johnson is hit by Vladimir Mihalik and loses puck.
6:51 of 2nd period - Vladimir Mihalik is hit by Adam Henrique.
8:31 of 2nd period - Ryan Whitney is hit by Colby Armstrong and loses puck.
8:53 of 2nd period - Icing by Oleg Saprykin.
8:54 of 2nd period - Evgeni Malkin wins face-off versus Nate Thompson in Red Wings zone.
9:05 of 2nd period - Snap shot by Evgeni Malkin.
9:05 of 2nd period - Stopped by John Gibson with a rebound.
9:07 of 2nd period - Slapshot by Carlo Colaiacovo.
9:07 of 2nd period - Shot Hit the Post.
9:09 of 2nd period - Slapshot by Cody Franson.
9:09 of 2nd period - Deflect By Colby Armstrong.
9:09 of 2nd period - Stopped by John Gibson with a rebound.
9:43 of 2nd period - Slapshot by Marian Hossa.
9:43 of 2nd period - Shot Misses the Net.
9:49 of 2nd period - Snap shot by Brenden Morrow.
9:49 of 2nd period - Goal by Brenden Morrow - Senateurs : 1 - Red Wings : 1.
9:50 of 2nd period - Evgeni Malkin wins face-off versus Mike Richards in neutral zone.
9:53 of 2nd period - Mike Richards is hit by Dan Hamhuis and loses puck.
10:31 of 2nd period - Off-side.
10:32 of 2nd period - Chris Kelly wins face-off versus Cody Hodgson in neutral zone.
10:35 of 2nd period - Snap shot by Ole-Kristian Tollefsen.
10:35 of 2nd period - Deflect By Chris Kelly.
10:35 of 2nd period - Shot Misses the Net.
10:35 of 2nd period - Puck is out of play.
10:36 of 2nd period - Chris Kelly wins face-off versus Cody Hodgson in Senateurs zone.
10:37 of 2nd period - Snap shot by Ales Hemsky.
10:37 of 2nd period - Stopped by Jeff Deslauriers with a rebound.
10:39 of 2nd period - Slapshot by Alex Picard.
10:39 of 2nd period - Stopped by Jeff Deslauriers without a rebound.
10:40 of 2nd period - Chris Kelly wins face-off versus Cody Hodgson in Senateurs zone.
11:01 of 2nd period - Wrist shot by Sergei Kostitsyn.
11:01 of 2nd period - Shot Blocked by Philip Samuelsson.
11:03 of 2nd period - Slapshot by Carlo Colaiacovo.
11:03 of 2nd period - Stopped by John Gibson without a rebound.
11:04 of 2nd period - Tyler Johnson wins face-off versus Evgeni Malkin in Red Wings zone.
11:09 of 2nd period - Slapshot by Jiri Fischer.
11:09 of 2nd period - Shot Blocked by Dan Hamhuis.
11:53 of 2nd period - Wrist shot by Alex Picard.
11:53 of 2nd period - Stopped by Jeff Deslauriers without a rebound.
11:54 of 2nd period - Evgeni Malkin wins face-off versus Mike Richards in Senateurs zone.
12:07 of 2nd period - Slapshot by Philip Samuelsson.
12:07 of 2nd period - Stopped by Jeff Deslauriers with a rebound.
12:25 of 2nd period - Snap shot by Daniel Briere.
12:25 of 2nd period - Shot Misses the Net.
12:27 of 2nd period - Slapshot by Cody Franson.
12:27 of 2nd period - Deflect By Tyler Johnson.
12:27 of 2nd period - Stopped by John Gibson with a rebound.
13:36 of 2nd period - Snap shot by Cody Hodgson.
13:36 of 2nd period - Shot Misses the Net.
13:38 of 2nd period - Snap shot by Cody Franson.
13:38 of 2nd period - Stopped by John Gibson with a rebound.
14:10 of 2nd period - Slapshot by Dan Hamhuis.
14:10 of 2nd period - Shot Misses the Net.
14:25 of 2nd period - Off-side.
14:26 of 2nd period - Evgeni Malkin wins face-off versus Mike Richards in neutral zone.
14:46 of 2nd period - Sean Bergenheim is hit by Vladimir Mihalik and loses puck.
15:04 of 2nd period - Lubomir Visnovsky is hit by Karl Alzner and loses puck.
15:18 of 2nd period - Off-side.
15:19 of 2nd period - Daniel Briere wins face-off versus Adam Henrique in neutral zone.
16:11 of 2nd period - Slapshot by Brandon Dubinsky.
16:11 of 2nd period - Shot Blocked by Oleg Saprykin.
16:42 of 2nd period - Off-side.
16:43 of 2nd period - Evgeni Malkin wins face-off versus Chris Kelly in neutral zone.
16:54 of 2nd period - Wrist shot by Chris Kelly.
16:54 of 2nd period - Goal by Chris Kelly - Senateurs : 1 - Red Wings : 2.
16:55 of 2nd period - Tyler Johnson wins face-off versus Evgeni Malkin in neutral zone.
17:22 of 2nd period - Marian Hossa is hit by Ryan Whitney and loses puck.
17:41 of 2nd period - Ryan Whitney is hit by Vladimir Mihalik and loses puck.
18:06 of 2nd period - Brent Seabrook is hit by Brooks Orpik and loses puck.
18:13 of 2nd period - Snap shot by Chris Kunitz.
18:13 of 2nd period - Shot Blocked by Brent Seabrook.
18:15 of 2nd period - Snap shot by Brandon Dubinsky.
18:15 of 2nd period - Shot Misses the Net.
18:31 of 2nd period - Snap shot by Thomas Vanek.
18:31 of 2nd period - Stopped by John Gibson without a rebound.
18:32 of 2nd period - Tyler Johnson wins face-off versus Evgeni Malkin in Red Wings zone.
18:43 of 2nd period - Wrist shot by Tyler Johnson.
18:43 of 2nd period - Stopped by Jeff Deslauriers with a rebound.
19:43 of 2nd period - Off-side.
19:44 of 2nd period - Tyler Johnson wins face-off versus Cody Hodgson in neutral zone.
19:46 of 2nd period - Off-side.
19:47 of 2nd period - Tyler Johnson wins face-off versus Cody Hodgson in neutral zone.
Goals for this period are 1 for Senateurs vs 1 for Red Wings.
Shots for this period are 8 for Senateurs vs 15 for Red Wings.
3rd period
0:01 of 3rd period - Evgeni Malkin wins face-off versus Mike Richards in neutral zone.
0:08 of 3rd period - Slapshot by Thomas Vanek.
0:08 of 3rd period - Stopped by John Gibson without a rebound.
0:09 of 3rd period - Evgeni Malkin wins face-off versus Mike Richards in Red Wings zone.
0:15 of 3rd period - Off-side.
0:16 of 3rd period - Evgeni Malkin wins face-off versus Tyler Johnson in neutral zone.
0:29 of 3rd period - Backhand shot by Thomas Vanek.
0:29 of 3rd period - Shot Misses the Net.
0:43 of 3rd period - Karl Alzner is hit by Ole-Kristian Tollefsen and loses puck.
2:05 of 3rd period - Wrist shot by Sean Bergenheim.
2:05 of 3rd period - Shot Blocked by Daniel Briere.
2:07 of 3rd period - Slapshot by Jiri Fischer.
2:07 of 3rd period - Shot Misses the Net.
2:09 of 3rd period - Snap shot by Tyler Toffoli.
2:09 of 3rd period - Shot Misses the Net.
2:11 of 3rd period - Slapshot by Brent Seabrook.
2:11 of 3rd period - Stopped by Jeff Deslauriers without a rebound.
2:12 of 3rd period - Mike Richards wins face-off versus Evgeni Malkin in Senateurs zone.
2:37 of 3rd period - Snap shot by Ales Hemsky.
2:37 of 3rd period - Shot Blocked by Evgeni Malkin.
2:50 of 3rd period - Colby Armstrong is hit by Chris Kelly and loses puck.
3:23 of 3rd period - Karl Alzner is hit by Ryan Whitney and loses puck.
3:40 of 3rd period - Dan Hamhuis is hit by Carson Mcmillan and loses puck.
3:51 of 3rd period - Ole-Kristian Tollefsen is hit by Cody Hodgson and loses puck.
4:23 of 3rd period - Off-side.
4:24 of 3rd period - Tyler Johnson wins face-off versus Daniel Briere in neutral zone.
4:32 of 3rd period - Lubomir Visnovsky is hit by Brenden Morrow.
4:40 of 3rd period - Wrist shot by Phil Kessel.
4:40 of 3rd period - Shot Misses the Net.
4:42 of 3rd period - Minor Penalty to Cody Franson for Holding.
4:43 of 3rd period - Evgeni Malkin wins face-off versus Tyler Johnson in Senateurs zone.
4:43 of 3rd period - Evgeni Malkin is hit by Tyler Johnson.
4:59 of 3rd period - Wrist shot by Evgeni Malkin.
4:59 of 3rd period - Deflect By Thomas Vanek.
4:59 of 3rd period - Stopped by John Gibson with a rebound.
5:21 of 3rd period - Backhand shot by Mike Richards.
5:21 of 3rd period - Shot Misses the Net.
5:23 of 3rd period - Snap shot by Brent Seabrook.
5:23 of 3rd period - Stopped by Jeff Deslauriers with a rebound.
5:47 of 3rd period - Mike Richards is hit by Brandon Dubinsky and loses puck.
6:42 of 3rd period - Penalty to Cody Franson is over, Cody Franson is back on ice.
6:51 of 3rd period - Off-side.
6:52 of 3rd period - Chris Kelly wins face-off versus Cody Hodgson in neutral zone.
6:57 of 3rd period - Wrist shot by Alex Picard.
6:57 of 3rd period - Shot Misses the Net.
7:03 of 3rd period - Chris Kelly is hit by Cody Franson and loses puck.
8:08 of 3rd period - Backhand shot by Chris Kunitz.
8:08 of 3rd period - Shot Blocked by Brent Seabrook.
8:20 of 3rd period - Wrist shot by Cody Hodgson.
8:20 of 3rd period - Goal by Cody Hodgson - Senateurs : 2 - Red Wings : 2.
8:21 of 3rd period - Mike Richards wins face-off versus Thomas Vanek in neutral zone.
8:33 of 3rd period - Snap shot by Thomas Vanek.
8:33 of 3rd period - Stopped by John Gibson with a rebound.
8:35 of 3rd period - Snap shot by Evgeni Malkin.
8:35 of 3rd period - Shot Misses the Net.
8:37 of 3rd period - Slapshot by Karl Alzner.
8:37 of 3rd period - Deflect By Evgeni Malkin.
8:37 of 3rd period - Shot Misses the Net.
8:37 of 3rd period - Puck is out of play.
8:38 of 3rd period - Tyler Johnson wins face-off versus Daniel Briere in Red Wings zone.
8:43 of 3rd period - Slapshot by Daniel Briere.
8:43 of 3rd period - Goal by Daniel Briere - Senateurs : 3 - Red Wings : 2.
8:44 of 3rd period - Evgeni Malkin wins face-off versus Mike Richards in neutral zone.
9:12 of 3rd period - Brent Seabrook is hit by Marian Hossa and loses puck.
10:38 of 3rd period - Snap shot by Oleg Saprykin.
10:38 of 3rd period - Shot Blocked by Brooks Orpik.
10:40 of 3rd period - Slapshot by Oleg Saprykin.
10:40 of 3rd period - Stopped by Jeff Deslauriers with a rebound.
11:57 of 3rd period - Slapshot by Marian Hossa.
11:57 of 3rd period - Goal by Marian Hossa - Senateurs : 4 - Red Wings : 2.
11:58 of 3rd period - Sean Bergenheim wins face-off versus Evgeni Malkin in neutral zone.
12:07 of 3rd period - Snap shot by Sean Bergenheim.
12:07 of 3rd period - Stopped by Jeff Deslauriers without a rebound.
12:08 of 3rd period - Evgeni Malkin wins face-off versus Mike Richards in Senateurs zone.
12:15 of 3rd period - Slapshot by Evgeni Malkin.
12:15 of 3rd period - Shot Misses the Net.
12:29 of 3rd period - Snap shot by Evgeni Malkin.
12:29 of 3rd period - Shot Misses the Net.
13:29 of 3rd period - Icing by Brent Seabrook.
13:30 of 3rd period - Daniel Briere wins face-off versus Mike Richards in Red Wings zone.
13:50 of 3rd period - Minor Penalty to Radim Vrbata for Holding.
13:51 of 3rd period - Phil Kessel wins face-off versus Marian Hossa in Senateurs zone.
13:51 of 3rd period - Backhand shot by Adam Henrique.
13:51 of 3rd period - Shot Misses the Net.
13:53 of 3rd period - Slapshot by Ryan Whitney.
13:53 of 3rd period - Stopped by Jeff Deslauriers with a rebound.
13:59 of 3rd period - Slapshot by Adam Henrique.
13:59 of 3rd period - Shot Blocked by Daniel Briere.
14:07 of 3rd period - Wrist shot by Phil Kessel.
14:07 of 3rd period - Stopped by Jeff Deslauriers with a rebound.
15:19 of 3rd period - Cody Franson is hit by Carson Mcmillan and loses puck.
15:34 of 3rd period - Snap shot by Daniel Briere.
15:34 of 3rd period - Shot Misses the Net.
15:50 of 3rd period - Penalty to Radim Vrbata is over, Radim Vrbata is back on ice.
16:05 of 3rd period - Snap shot by Sergei Kostitsyn.
16:05 of 3rd period - Shot Blocked by Ole-Kristian Tollefsen.
16:31 of 3rd period - Dan Hamhuis is hit by Oleg Saprykin and loses puck.
18:10 of 3rd period - Lubomir Visnovsky is hit by Radim Vrbata and loses puck.
18:17 of 3rd period - Wrist shot by Radim Vrbata.
18:17 of 3rd period - Shot Misses the Net.
18:29 of 3rd period - Chris Kelly is hit by Carlo Colaiacovo and loses puck.
19:59 of 3rd period - Carson Mcmillan is hit by Karl Alzner and loses puck.
Goals for this period are 3 for Senateurs vs 0 for Red Wings.
Shots for this period are 6 for Senateurs vs 6 for Red Wings.
Back to the Top